AoeStats
← Comfortably Dumb

Arena

510935138Analyzed
1v1 RM · 18h ago on Oct 3, 2026· 73m 38s· 2 players
Game mode
Random Map
Map size
Tiny (2 player)
Population
200
Speed
Normal
Resources
Standard
Victory
Conquest
Starting age
Dark Age
Ending age
Imperial Age
RankedLock teamsTeams togetherTeam positionsShared explorationLock speedFull tech treeHidden civsTurbo modeCheats
Victory
Defeat
🇪🇸 Lithuanians · Spain
378
+17
🇬🇧 Slavs · United Kingdom
393
-17
ROHAN7034
3:51 Loom
12:39 Feudal Age
13:35 Double-Bit Axe
15:14 Horse Collar
17:12 Man-at-Arms
24:31 Castle Age
23:06 Stone Mining
23:22 Gold Mining
29:04 Elite Skirmisher
29:14 Crossbowman
30:27 Heavy Plow
31:42 Husbandry
35:09 Wheelbarrow
41:31 Imperial Age
39:15 Forging
40:42 Fletching
40:53 Scale Mail Armor
41:19 Arson
42:45 Hand Cart
42:07 Cavalier
43:36 Hill Forts
43:02 Long Swordsman
45:09 Bow Saw
45:39 Crop Rotation
46:31 Iron Casting
45:52 Bodkin Arrow
45:58 Padded Archer Armor
47:51 Two-Man Saw
47:25 Two-Handed Swordsman
47:35 Capped Ram
49:27 Chain Mail Armor
49:13 Bracer
50:31 Squires
49:52 Pikeman
49:53 Champion
51:35 Leather Archer Armor
51:32 Paladin
53:56 Chemistry
54:53 Halberdier
57:40 Light Cavalry
58:31 Bloodlines
Comfortably Dumb
3:40 Loom
5:12 Loom
11:05 Feudal Age
11:42 Double-Bit Axe
11:42 Horse Collar
11:59 Stone Mining
14:33 Gold Mining
16:22 Man-at-Arms
22:57 Forging
22:49 Scale Mail Armor
24:52 Castle Age
24:58 Castle Age
26:36 Heavy Plow
26:49 Bow Saw
27:18 Gold Shaft Mining
27:43 Town Watch
29:16 Wheelbarrow
30:17 Hand Cart
30:22 Detinets
30:34 Town Patrol
30:30 Fletching
30:56 Chain Mail Armor
31:17 Iron Casting
30:15 Long Swordsman
30:56 Squires
35:59 Imperial Age
34:54 Husbandry
35:05 Bloodlines
36:20 Crossbowman
36:55 Cavalier
37:02 Two-Handed Swordsman
39:09 Two-Man Saw
38:40 Crop Rotation
38:35 Druzhina
39:25 Pikeman
41:17 Capped Ram
41:44 Halberdier
42:16 Siege Ram
48:22 Elite Boyar
49:24 Conscription
54:01 Blast Furnace
53:08 Scale Barding Armor
53:34 Plate Mail Armor
53:00 Bodkin Arrow
56:46 Chain Barding Armor
56:00 Onager
61:27 Light Cavalry
62:53 Murder Holes
Connection lost

Rejoining the realm…

Still unreachable

The connection could not be restored.

Session expired

The server has moved on; the page needs a fresh start.